AoeStats
← 缘消影散

Arena

508138395Analyzed
1v1 RM · 13d ago on Sep 21, 2026· 52m 47s· 2 players
Game mode
Random Map
Map size
Tiny (2 player)
Population
200
Speed
Normal
Resources
Standard
Victory
Conquest
Starting age
Dark Age
Ending age
Imperial Age
RankedLock teamsTeams togetherTeam positionsShared explorationLock speedFull tech treeHidden civsTurbo modeCheats
Victory
Defeat
🇮🇩 Italians · Indonesia
1083
+13
🇭🇰 Romans · Hong Kong SAR China
1027
-13
缘消影散
1:57 Loom
9:54 Feudal Age
10:51 Double-Bit Axe
13:40 Man-at-Arms
20:06 Castle Age
20:04 Scale Mail Armor
21:15 Bow Saw
22:26 Forging
21:42 Long Swordsman
22:17 Gold Mining
24:25 Wheelbarrow
24:05 Town Watch
26:22 Gold Shaft Mining
27:56 Hand Cart
28:32 Bloodlines
29:28 Horse Collar
34:05 Imperial Age
32:32 Chain Mail Armor
33:16 Squires
32:51 Pikeman
34:10 Iron Casting
34:41 Ballistas
35:53 Legionary
38:21 Capped Ram
40:34 Blast Furnace
40:49 Conscription
43:33 Comitatenses
45:23 Heavy Scorpion
48:52 Ballistics
50:35 Siege Engineers
spock23
2:21 Loom
10:14 Feudal Age
14:40 Castle Age
13:18 Fletching
15:39 Crossbowman
20:01 Town Watch
22:21 Scale Barding Armor
27:38 Double-Bit Axe
31:10 Imperial Age
28:52 Treadmill Crane
29:33 Ballistics
30:20 Bodkin Arrow
30:36 Forging
32:51 Chemistry
34:08 Conscription
34:43 Bow Saw
36:48 Scale Mail Armor
39:43 Pirotechnia
39:44 Horse Collar
40:44 Fortified Wall
40:54 Squires
40:54 Pikeman
41:38 Gold Mining
44:04 Stone Mining
44:39 Heavy Plow
46:12 Padded Archer Armor
47:05 Bracer
47:20 Elite Skirmisher
50:10 Stone Shaft Mining
50:10 Crop Rotation
50:34 Thumb Ring
51:43 Leather Archer Armor
51:44 Chain Mail Armor
Connection lost

Rejoining the realm…

Still unreachable

The connection could not be restored.

Session expired

The server has moved on; the page needs a fresh start.